 Dungeon Crawl Stone Soup version 0.29.1-2-gbd0b4ee654 (webtiles) character file.

Game seed: 10668252989277597570

8 Icepheonix32 the Insei (level 2, -19/18 HPs)
             Began as an Octopode Transmuter on Nov 20, 2022.
             Engulfed by a cloud of flame (21 damage)
             ... on level 1 of the Dungeon.
             The game lasted 00:00:37 (700 turns).

Icepheonix32 the Insei (Octopode Transmuter)         Turns: 700, Time: 00:00:37

Health: -19/18     AC:  1    Str:  9    XL:     2   Next: 8%
Magic:  0/5        EV: 13    Int: 15    God:
Gold:   16         SH:  0    Dex: 12    Spells: 4/5 levels left

rFire   . . .      SeeInvis .   c - +4 mace
rCold   . . .      Faith    .   (no shield)
rNeg    . . .      Spirit   +   (helmet restricted)
rPois   .          Reflect  .   f - amulet of guardian spirit
rElec   .          Harm     .   (no ring)
rCorr   .          Rampage  .   (no ring)
Will    .....                   (no ring)
Stlth   ++........              (no ring)
HPRegen 0.06/turn               (no ring)
MPRegen 0.09/turn               (no ring)
                                (no ring)
                                (no ring)

@: no status effects
A: almost no armour, amphibious, 8 rings, camouflage 1, gelatinous body 1,
(nimble swimmer 1), tentacles
a: no special abilities


You were on level 1 of the Dungeon.
You visited 1 branch of the dungeon, and saw 1 of its levels.

You collected 16 gold pieces.

Inventory:

Hand Weapons
 c - a +4 mace (weapon)
Jewellery
 f - an amulet of guardian spirit (around mantle)
Scrolls
 b - 2 scrolls of blinking {unknown}
 d - a scroll of amnesia {unknown}
 e - a scroll of vulnerability {unknown}
 h - a scroll of enchant armour {unknown}
Potions
 a - a potion of lignification
 g - a potion of ambrosia {unknown}
 i - 2 potions of curing {unknown}


   Skills:
 - Level 1.0 Fighting
 + Level 2.0 Dodging
 + Level 3.3 Unarmed Combat
 - Level 2.0 Spellcasting
 + Level 2.1 Transmutations


You had 4 spell levels left.
You knew the following spells:

 Your Spells              Type           Power      Damage    Failure   Level
a - Beastly Appendage     Tmut           16%        N/A       9%          1

Your spell library contained the following spells:

 Spells                   Type           Power      Damage    Failure   Level
 Wereblood                Tmut           8%         N/A       14%         2
 Spider Form              Tmut/Pois      4%         N/A       38%         3
 Ice Form                 Ice/Tmut       4%         N/A       80%         4


Dungeon Overview and Level Annotations

Branches:
Dungeon (1/15)

Altars:


Innate Abilities, Weirdness & Mutations

You cannot wear most types of armour.
You are amphibious.
You can wear up to eight rings at the same time.
Your skin changes colour to match your surroundings (Stealth+).
Your rubbery body absorbs attacks. (AC +1, EV +1)
((You are camouflaged when in or above water. (Stealth+)))
You have tentacles for arms and can constrict up to eight enemies at once.


Message History

You see here 4 poisoned darts.
No target in view!
One of your tentacles grows a vicious spike.
Your transformation is almost over.
Your tentacle spike disappears.
A hobgoblin comes into view.
A hobgoblin is nearby!
A hobgoblin is nearby!
One of your tentacles grows a vicious spike.
The hobgoblin shouts!
The hobgoblin hits you.
You hit the hobgoblin. Your grab misses the hobgoblin.
The hobgoblin is heavily wounded.
The hobgoblin barely misses you.
You hit the hobgoblin.
You kill the hobgoblin!
Your transformation is almost over.
No target in view!
No target in view!
No target in view!
No target in view!
No target in view!
No target in view!
No target in view!
Your tentacle spike disappears.
You see here a hobgoblin corpse.
Found 3 stones.
i - 2 red potions No target in view!
Found a stone staircase leading down.
Found 18 gold pieces.
There is a stone staircase leading down here.
There is a stone staircase leading down here.
Really wriggle into a travel-excluded area?
You are engulfed in blazing flames.
Ouch! That really hurt!
* * * LOW HITPOINT WARNING * * *
You are engulfed in blazing flames.
Ouch! That really hurt!
You die...

#.########.#.#
#####.########.#.##########
†.................>.......#
#####.############...######
#......####### #.○○#
#............# #§☼§#
#......####.## #§.§#
#......# #.######...###
######## #....§@...$..§
#.(.§°§.$$?..°
###.○☼§..$/.§. ###
######...### ..## #§§§#
#..# #.°§# ##.#### #☼§.#
#.....# #...# #.....# #...#


There were no monsters in sight!

Vanquished Creatures
  A bat (D:1)
  A hobgoblin (D:1)
  2 quokkas (D:1)
  2 kobolds (D:1)
  2 rats (D:1)
8 creatures vanquished.

Notes
Turn   | Place    | Note
-------+----------+-------------------------------------------
     0 | D:1      | Icepheonix32 the Octopode Transmuter began the quest for
                  | the Orb.
     0 | D:1      | Reached XP level 1. HP: 13/13 MP: 3/3
     3 | D:1      | Noticed an electric eel
     4 | D:1      | Noticed an electric eel
   481 | D:1      | Reached XP level 2. HP: 17/18 MP: 3/5
   700 | D:1      | Engulfed by a cloud of flame

Illustrated notes

Levels and vault maps discovered:
D:1:      arrival_aquarium_b, layout_basic, minmay_misc_feat_ornament,
          lemuel_flame_loot_1

Action                   || total
-------------------------++-------
Melee: Mace              ||     9
       Unarmed           ||     4
       Constrict         ||     3
       Tentacles         ||     2
       Kick              ||     1
       Punch             ||     1
 Cast: Beastly Appendage ||     5
 Stab: Sleeping          ||     1
Dodge: Dodged            ||     8
